AoeStats
← Ouki-San

Nomad

505910901Analyzed
4v4 RM · 22d ago on Sep 11, 2026· 49m 8s· 8 players
Game mode
Random Map
Map size
231×231
Population
200
Speed
Normal
Resources
Standard
Victory
Conquest
Starting age
Dark Age
Ending age
Imperial Age
RankedLock teamsTeams togetherTeam positionsShared explorationLock speedFull tech treeHidden civsTurbo modeCheats
Victory
Defeat
🇫🇷 Persians · France
1272
+14
🇫🇷 Mongols · France
1246
+15
🇨🇳 Spanish · China
1195
+17
🇭🇰 Italians · Hong Kong SAR China
1176
+18
🇪🇸 Ethiopians · Spain
1261
-19
🇲🇹 Mongols · Malta
1255
-17
🇳🇱 Celts · Netherlands
1191
-15
🇵🇱 Aztecs · Poland
1161
-13
Sappy22
4:03 Loom
13:53 Feudal Age
14:21 Fishing Lines
14:33 Double-Bit Axe
15:41 Wheelbarrow
16:54 Fletching
21:46 Castle Age
23:11 Husbandry
24:14 Horse Collar
24:55 Forging
25:02 Heavy Plow
25:21 Bow Saw
25:42 Scale Barding Armor
27:29 Gillnets
29:52 Iron Casting
31:41 Hand Cart
31:26 Gold Mining
32:26 Chain Barding Armor
33:41 Stone Mining
41:36 Imperial Age
39:09 Elite Skirmisher
43:23 Blast Furnace
41:55 Cavalier
46:10 Bodkin Arrow
47:12 Padded Archer Armor
48:08 Ballistics
javipuerto
6:07 Loom
18:08 Feudal Age
22:52 Castle Age
20:55 Fletching
23:54 Bodkin Arrow
25:23 Crossbowman
26:16 Double-Bit Axe
26:24 Gold Mining
27:49 Elite Skirmisher
31:23 Imperial Age
31:02 Ballistics
31:20 Padded Archer Armor
32:21 Leather Archer Armor
31:53 Horse Collar
32:19 Bracer
34:14 Chemistry
34:16 Heavy Plow
42:40 Scale Mail Armor
45:38 Chain Mail Armor
45:36 Halberdier
proxxi
5:53 Loom
14:21 Feudal Age
20:01 Castle Age
18:16 Double-Bit Axe
22:45 Wheelbarrow
28:39 Bow Saw
28:43 Padded Archer Armor
30:04 Fishing Lines
32:14 Gold Mining
32:16 Fletching
32:41 Leather Archer Armor
32:46 Gillnets
34:46 Bodkin Arrow
37:53 Imperial Age
36:42 Horse Collar
38:05 Hand Cart
38:40 Bracer
39:04 Conscription
42:11 Bloodlines
42:01 Husbandry
mnich_bor
5:16 Loom
17:19 Feudal Age
23:20 Castle Age
31:05 Horse Collar
32:39 Double-Bit Axe
33:34 Pikeman
36:32 Bow Saw
38:35 Murder Holes
Sahraoui
5:00 Loom
14:17 Feudal Age
15:37 Double-Bit Axe
18:20 Castle Age
18:43 Wheelbarrow
20:13 Horse Collar
21:25 Forging
22:03 Bow Saw
26:18 Heavy Plow
26:12 Gold Mining
26:24 Stone Mining
27:52 Gold Shaft Mining
27:54 Stone Shaft Mining
28:37 Hand Cart
29:57 Town Watch
34:04 Imperial Age
32:10 Scale Barding Armor
32:41 Iron Casting
33:16 Kamandaran
33:54 Elite War Elephant
34:57 Chain Barding Armor
35:42 Blast Furnace
35:58 Conscription
36:23 Plate Barding Armor
36:28 Crop Rotation
36:29 Bloodlines
36:19 Husbandry
37:44 Fletching
37:55 Padded Archer Armor
37:58 Scale Mail Armor
37:58 Crossbowman
38:31 Light Cavalry
39:13 Bodkin Arrow
39:37 Leather Archer Armor
39:45 Ballistics
40:26 Chemistry
43:28 Thumb Ring
Ouki-San
9:55 Loom
14:36 Feudal Age
15:26 Double-Bit Axe
23:24 Castle Age
21:38 Gold Mining
21:56 Horse Collar
23:03 Fletching
24:42 Bow Saw
25:40 Wheelbarrow
25:55 Bodkin Arrow
26:50 Husbandry
27:40 Bloodlines
29:55 Padded Archer Armor
30:01 Town Watch
32:11 Thumb Ring
32:31 Ballistics
stormgoing
5:17 Loom
14:01 Feudal Age
15:26 Wheelbarrow
19:44 Castle Age
18:02 Stone Mining
19:53 Fishing Lines
20:59 Medium Warships
20:49 Double-Bit Axe
23:46 Bow Saw
26:00 Fletching
26:42 Horse Collar
28:06 Bodkin Arrow
28:58 Gold Mining
29:54 Padded Archer Armor
31:44 Hand Cart
31:49 Heavy Plow
38:54 Imperial Age
37:25 Gillnets
39:19 Leather Archer Armor
39:50 Bracer
40:26 Conscription
39:27 Elite Genoese Crossbowman
41:41 Chemistry
41:02 Ballistics
40:56 Guilds
40:31 Elite Skirmisher
41:17 Thumb Ring
45:07 Ring Archer Armor
44:51 Masonry
48:40 Architecture
hqqlxj520ck
7:15 Loom
15:23 Feudal Age
19:28 Forging
19:23 Scale Barding Armor
22:15 Castle Age
20:04 Double-Bit Axe
20:53 Man-at-Arms
21:19 Arson
22:18 Scale Mail Armor
30:47 Wheelbarrow
35:38 Hand Cart
36:36 Medium Warships
37:38 Gold Mining
38:33 Town Watch
43:17 Imperial Age
43:10 Bow Saw
45:23 Two-Man Saw
45:22 Fishing Lines
46:15 Conscription
46:02 Gillnets
47:01 Cavalier
47:52 Bloodlines
47:45 Husbandry
48:55 Paladin
Connection lost

Rejoining the realm…

Still unreachable

The connection could not be restored.

Session expired

The server has moved on; the page needs a fresh start.